 Dungeon Crawl Stone Soup version 0.28.0-53-g5a82cb258f (webtiles) character file.

Game seed: 2011521424922443491

295 hawla the Magician (level 6, -2/33 HPs)
             Began as a Deep Elf Fire Elementalist on June 16, 2022.
             Killed from afar by a steam dragon (25 damage)
             ... with a ball of steam
             ... on level 7 of the Dungeon.
             The game lasted 00:10:42 (3519 turns).

hawla the Magician (Deep Elf Fire Elementalist)     Turns: 3519, Time: 00:10:44

Health: -2/33      AC:  2    Str:  7    XL:     6   Next: 11%
Magic:  11/17      EV: 13    Int: 20    God:
Gold:   124        SH:  0    Dex: 15    Spells: 14/17 levels left

rFire   . . .      SeeInvis .   (no weapon)
rCold   . . .      Faith    .   d - orb {*channel}
rNeg    . . .      Spirit   .   h - +0 robe {Will+}
rPois   .          Reflect  .   (no helmet)
rElec   .          Harm     .   (no cloak)
rCorr   +          Rampage  .   (no gloves)
Will    +....                   (no boots)
Stlth   ++........              (no amulet)
HPRegen 0.11/turn               f - ring of wizardry
MPRegen 0.15/turn               g - ring of resist corrosion

@: no status effects
A: no striking features
a: no special abilities


You were on level 7 of the Dungeon.
You visited 1 branch of the dungeon, and saw 5 of its levels.

You collected 124 gold pieces.

Inventory:

Missiles
 e - a throwing net
 j - 9 poisoned darts (quivered)
Armour
 d - an orb of energy (worn)
 h - a +0 robe of willpower (worn)
Jewellery
 f - a ring of wizardry (left hand)
 g - a ring of resist corrosion (right hand)
Scrolls
 i - a scroll of brand weapon
Potions
 b - a potion of berserk rage
 c - a potion of haste {unknown}


   Skills:
 + Level 0.5 Fighting
 + Level 2.7 Dodging
 + Level 2.6 Stealth
 + Level 6.2 Spellcasting
 + Level 1.8 Conjurations
 + Level 5.1 Fire Magic
 + Level 1.0 Evocations


You had 14 spell levels left.
You knew the following spells:

 Your Spells              Type           Power      Damage    Failure   Level
a - Foxfire               Conj/Fire      80%        2x1d8     1%          1
b - Scorch                Fire           54%        2d7       1%          2

Your spell library contained the following spells:

 Spells                   Type           Power      Damage    Failure   Level
 Conjure Flame            Conj/Fire      20%        6-21      2%          3
 Inner Flame              Hex/Fire       16%        N/A       4%          3
 Flame Wave               Conj/Fire      20%        2d7       10%         4


Dungeon Overview and Level Annotations

Branches:
Dungeon (4/15)
 Temple: D:4-7

Altars:
Xom
Zin

Annotations:
D:3 dig the angel


Message History

Casting: Foxfire (safe; 1% risk of failure)
Confirm with . or Enter, or press ? or * to list all spells.
You conjure some foxfire!
Casting: Foxfire (safe; 1% risk of failure)
Confirm with . or Enter, or press ? or * to list all spells.
You conjure some foxfire!
Casting: Foxfire (safe; 1% risk of failure)
Confirm with . or Enter, or press ? or * to list all spells.
You conjure some foxfire!
Your foxfire dissipates!
Your foxfire dissipates! x3
Your foxfire dissipates! x2
Found a dagger.
A steam dragon comes into view.
The steam dragon moves out of view.
A wyvern comes into view.
Found a stone staircase leading up.
The steam dragon hisses angrily.
A centaur zombie comes into view.
There are monsters nearby!
There are monsters nearby!
Casting: Foxfire (safe; 1% risk of failure)
Confirm with . or Enter, or press ? or * to list all spells.
Flames lash the wyvern but do no damage.
A scorpion comes into view.
Casting: Scorch (safe; 1% risk of failure)
Confirm with . or Enter, or press ? or * to list all spells.
Flames lash the wyvern.
The wyvern is lightly wounded.
The wyvern's fire resistance burns away.
The wyvern hisses menacingly.
The wyvern bites you!
Casting: Scorch (safe; 1% risk of failure)
Confirm with . or Enter, or press ? or * to list all spells.
Flames lash the wyvern.
The wyvern is burned terribly!
The wyvern is heavily wounded.
The steam dragon breathes steam at you. The ball of steam hits you!!
Ouch! That really hurt!
You die...

..# ... # ## ..#
..#.. ..# <..## ..#
... ..####.
#l#.§§D...
##@§..Zs..
#.####.###
#.#........
#.##.###.###
..##...##.#
...#.....#.###.#.#
##.. #.............#
#.###.##.###.###.#.#
.#...# #.# #.#


You could see a steam dragon (catching breath), a wyvern (combustible), a
scorpion and a centaur zombie.

Vanquished Creatures
  An ogre (D:7)
  A centaur skeleton (D:7)
  Terence (D:2)
  An orc wizard (D:3)
  A hound skeleton (D:4)
  3 gnolls (D:3)
  2 adders (D:3)
  5 worms
  A dart slug (D:4)
  4 orcs (D:3)
  A bat (D:1)
  5 endoplasms (D:3)
  3 giant cockroaches (D:1)
  2 goblins
  6 hobgoblins (D:1)
  5 kobolds
  A quokka (D:2)
  8 ball pythons
  2 frilled lizards
  4 rats
57 creatures vanquished.

Vanquished Creatures (others)
  159 foxfires
159 creatures vanquished.

Grand Total: 216 creatures vanquished

Notes
Turn   | Place    | Note
-------+----------+-------------------------------------------
     0 | D:1      | hawla the Deep Elf Fire Elementalist began the quest for
                  | the Orb.
     0 | D:1      | Reached XP level 1. HP: 10/10 MP: 6/6
   155 | D:1      | Reached XP level 2. HP: 15/15 MP: 5/8
   158 | D:1      | Learned a level 2 spell: Scorch
   879 | D:2      | Reached XP level 3. HP: 19/19 MP: 1/10
   975 | D:2      | Found a faded altar of an unknown god.
  1116 | D:2      | Reached skill level 4 in Spellcasting
  1312 | D:2      | Noticed Terence
  1327 | D:2      | Killed Terence
  1328 | D:2      | Reached skill level 1 in Evocations
  1612 | D:2      | Reached XP level 4. HP: 24/24 MP: 9/12
  1778 | D:3      | Noticed an angel
  1779 | D:3      | Found a glowing silver altar of Zin.
  1785 | D:3      | Found a shimmering altar of Xom.
  2427 | D:3      | Reached skill level 5 in Spellcasting
  2605 | D:3      | Reached XP level 5. HP: 28/28 MP: 7/14
  3328 | D:4      | You fall into a shaft and drop 3 floors!
  3350 | D:7      | Noticed an ogre
  3358 | D:7      | Killed an ogre
  3359 | D:7      | Reached skill level 6 in Spellcasting
  3359 | D:7      | Reached skill level 5 in Fire Magic
  3359 | D:7      | Reached XP level 6. HP: 33/33 MP: 2/17
  3515 | D:7      | Noticed a steam dragon
  3516 | D:7      | Noticed a wyvern
  3519 | D:7      | Killed from afar by a steam dragon

Illustrated notes

Levels and vault maps discovered:
D:1:      eino_arrival_tree_alley, layout_rooms, serial_glass, glass_columns_a,
          glass_columns_a, glass_columns_a, glass_columns_c, glass_columns_b,
          glass_columns_b, glass_columns_a, glass_columns_b, glass_columns_a,
          glass_columns_b, glass_columns_a, glass_columns_a, glass_columns_b,
          glass_columns_a, minmay_indecisive_spiral
D:2:      layout_loops_cross, nicolae_ecumenical_oubliette, uniq_terence
D:3:      layout_basic, grunt_temple_overflow_order_and_chaos_1
D:4:      layout_loops_ring, minmay_temple_entry_offerings,
          kennysheep_generic_room_9
D:7:      nicolae_BIG_FREAKIN_CUBE, layout_loops_ring,
          nicolae_uskayaw_murder_on_the_dancefloor, old_standard_altar,
          amcnicky_mini_pool_small, nicolae_elevator_lobby_asterisk

Skill      XL: |  1  2  3  4  5 |
---------------+----------------+-----
Spellcasting   | 4 5 6 |  6.2
Fire Magic     | 4 5 |  5.1
Evocations     | 1 |  1.0
Fighting       | |  0.5
Dodging        | |  2.7
Stealth        | |  2.6
Conjurations   | |  1.8

Action                   |  1- 3 |  4- 6 || total
-------------------------+-------+-------++-------
 Cast: Foxfire           |    48 |    45 ||    93
       Scorch            |    12 |    26 ||    38
  Use: Scroll            |     1 |     7 ||     8
Armor: Robe              |     2 |     2 ||     4
Dodge: Dodged            |     4 |     5 ||     9
